General information
- name: BNet
- type: Ladder team game (AT/RT)
- host: Battle.net
- saver: PapaSmurf
map: MarketSquare
- players: 8
- length: 51:17
- speed: Fast
- version: 1.26 W3XP
- replay type: Public
» download(296 KB)
Players
team 1 (winner)

»
BrOhio (
purple | 65 APM | 3032 actions | 46:44)
7 Mountain King
3 Storm Bolt
3 Bash
1 Avatar
5 Paladin
3 Holy Light
2 Divine Shield
» actions
| Assign group hotkey | 44 | |
| Basic commands | 116 | |
| Build / train | 103 | |
| Enter build submenu | 34 | |
| Enter hero's abilities submenu | 13 | |
| Give item / drop item | 3 | |
| Remove unit from queue | 3 | |
| Right click | 1293 | |
| Select / deselect | 481 | |
| Select group hotkey | 793 | |
| Use ability | 149 | |
3032 total
» units
| Peasant | 30 | |
| Rifleman | 9 | |
| Siege Engine | 8 | |
| Knight | 4 | |
| Flying Machine | 3 | |
54 total
» upgrades
| Lumber Harvesting | 2 | |
| Long Rifles | 1 | |
| Gunpowder | 3 | |
| Plating | 2 | |
| Swords | 1 | |
| Flak Cannons | 1 | |
| Barrage | 1 | |
| Animal War Training | 1 | |
12 total
» buildings
| Altar of Kings | 1 | |
| Farm | 16 | |
| Blacksmith | 1 | |
| Barracks | 2 | |
| Scout Tower | 4 | |
| Lumber Mill | 1 | |
| Arcane Tower | 2 | |
| Keep | 1 | |
| Town Hall | 3 | |
| Workshop | 2 | |
| Castle | 1 | |
| Arcane Vault | 1 | |
35 total
» build order
00:19 Altar of Kings
00:20 Farm
00:38 Blacksmith
01:15 Barracks
01:28 Scout Tower
01:55 Farm
02:09 Lumber Mill
02:40 Farm
03:17 Farm
04:00 Farm
04:35 Arcane Tower
04:36 Arcane Tower
04:53 Keep
06:03 Town Hall
07:59 Workshop
09:13 Workshop
10:00 Castle
10:07 Barracks
10:50 Arcane Vault
11:23 Farm
11:28 Farm
11:29 Farm
12:17 Farm
12:18 Farm
13:04 Farm
13:05 Farm
13:23 Farm
13:50 Farm
15:35 Farm
15:35 Farm
18:03 Town Hall
28:47 Scout Tower
28:47 Scout Tower
28:48 Scout Tower
37:59 Town Hall
» items
| Lesser Clarity Potion | 4 | |
| Healing Salve | 1 | |
| Scroll of Town Portal | 4 | |
| Boots of Speed | 1 | |
| Dust of Appearance | 1 | |
| Potion of Lesser Invulnerability | 1 | |
| Scroll of Regeneration | 2 | |
| Orb of Fire | 1 | |
15 total
Deafbeing (
yellow | 43 APM | 2117 actions | 49:45)
7 Pit Lord
3 Howl of Terror
3 Cleaving Attack
1 Doom
1 Death Knight
1 Death Coil
» actions
| Assign group hotkey | 5 | |
| Basic commands | 25 | |
| Build / train | 131 | |
| Enter build submenu | 20 | |
| Enter hero's abilities submenu | 8 | |
| Give item / drop item | 1 | |
| Remove unit from queue | 2 | |
| Right click | 1269 | |
| Select / deselect | 545 | |
| Select group hotkey | 7 | |
| Use ability | 104 | |
2117 total
» units
| Acolyte | 35 | |
| Ghoul | 3 | |
| Crypt Fiend | 14 | |
| Gargoyle | 26 | |
| Frost Wyrm | 11 | |
89 total
» upgrades
| Creature Attack | 2 | |
| Web | 1 | |
| Freezing Breath | 1 | |
| Creature Carapace | 3 | |
7 total
» buildings
| Crypt | 2 | |
| Graveyard | 1 | |
| Ziggurat | 8 | |
| Altar of Darkness | 1 | |
| Tomb of Relics | 1 | |
| Nerubian Tower | 2 | |
| Spirit Tower | 5 | |
| Halls of the Dead | 1 | |
| Necropolis | 1 | |
| Black Citadel | 1 | |
| Sacrificial Pit | 1 | |
| Boneyard | 1 | |
25 total
» build order
00:22 Crypt
00:28 Graveyard
00:41 Ziggurat
01:03 Altar of Darkness
01:39 Ziggurat
02:40 Tomb of Relics
02:54 Nerubian Tower
03:52 Ziggurat
04:18 Spirit Tower
05:37 Ziggurat
05:45 Ziggurat
06:03 Halls of the Dead
06:53 Necropolis
07:53 Spirit Tower
07:55 Spirit Tower
08:31 Black Citadel
09:22 Sacrificial Pit
09:30 Ziggurat
10:06 Spirit Tower
11:02 Boneyard
11:33 Spirit Tower
12:48 Ziggurat
15:31 Nerubian Tower
18:19 Ziggurat
28:06 Crypt
» items
| Rod of Necromancy | 1 | |
| Sacrificial Skull | 1 | |
| Scroll of Town Portal | 3 | |
| Potion of Lesser Invulnerability | 2 | |
| Potion of Healing | 2 | |
| Scroll of Healing | 1 | |
| Staff of Teleportation | 1 | |
| Orb of Corruption | 1 | |
| Potion of Mana | 2 | |
14 total
August_APC (
red | 67 APM | 3288 actions | 49:16)
5 Mountain King
3 Storm Bolt
2 Bash
4 Paladin
2 Holy Light
1 Divine Shield
1 Devotion Aura
» actions
| Assign group hotkey | 89 | |
| Basic commands | 120 | |
| Build / train | 118 | |
| Enter build submenu | 44 | |
| Enter hero's abilities submenu | 9 | |
| Give item / drop item | 4 | |
| Right click | 1212 | |
| Select / deselect | 599 | |
| Select group hotkey | 924 | |
| Use ability | 169 | |
3288 total
» units
| Peasant | 18 | |
| Footman | 5 | |
| Spell Breaker | 10 | |
| Priest | 6 | |
| Sorceress | 8 | |
| Knight | 2 | |
| Siege Engine | 2 | |
51 total
» upgrades
| Masonry | 3 | |
| Defend | 1 | |
| Swords | 4 | |
| Lumber Harvesting | 2 | |
| Plating | 3 | |
| Sorceress Training | 2 | |
| Priest Training | 2 | |
| Control Magic | 1 | |
| Magic Sentry | 1 | |
| Animal War Training | 1 | |
| Gunpowder | 2 | |
22 total
» buildings
| Altar of Kings | 1 | |
| Farm | 15 | |
| Arcane Vault | 1 | |
| Barracks | 1 | |
| Scout Tower | 34 | |
| Lumber Mill | 1 | |
| Arcane Tower | 8 | |
| Blacksmith | 1 | |
| Keep | 1 | |
| Guard Tower | 17 | |
| Arcane Sanctum | 3 | |
| Castle | 1 | |
| Town Hall | 3 | |
| Workshop | 3 | |
90 total
» build order
01:15 Altar of Kings
01:18 Farm
01:27 Farm
01:37 Arcane Vault
01:42 Farm
01:52 Barracks
02:05 Scout Tower
02:10 Farm
02:27 Lumber Mill
02:42 Arcane Tower
03:09 Blacksmith
03:43 Farm
04:15 Keep
05:04 Scout Tower
06:23 Guard Tower
06:30 Farm
06:31 Farm
07:07 Arcane Sanctum
07:09 Arcane Sanctum
07:10 Arcane Sanctum
09:11 Farm
09:12 Farm
09:13 Farm
10:00 Castle
10:55 Scout Tower
10:55 Scout Tower
10:56 Scout Tower
12:08 Guard Tower
13:05 Guard Tower
13:05 Guard Tower
13:26 Guard Tower
18:01 Town Hall
18:07 Scout Tower
18:09 Scout Tower
20:11 Scout Tower
20:13 Scout Tower
20:15 Scout Tower
20:30 Scout Tower
20:32 Scout Tower
20:42 Scout Tower
20:59 Scout Tower
21:06 Arcane Tower
21:13 Arcane Tower
21:17 Scout Tower
21:19 Scout Tower
21:25 Arcane Tower
21:25 Arcane Tower
22:08 Guard Tower
22:11 Arcane Tower
22:17 Scout Tower
22:32 Arcane Tower
22:48 Arcane Tower
23:10 Farm
23:11 Farm
23:12 Farm
23:14 Farm
25:03 Farm
28:18 Workshop
28:19 Workshop
28:20 Workshop
32:59 Scout Tower
33:00 Scout Tower
33:01 Scout Tower
33:13 Scout Tower
33:16 Scout Tower
33:20 Scout Tower
33:21 Scout Tower
33:50 Scout Tower
34:09 Guard Tower
34:09 Guard Tower
34:58 Guard Tower
35:00 Guard Tower
35:05 Scout Tower
35:06 Scout Tower
35:07 Scout Tower
36:04 Guard Tower
36:07 Scout Tower
36:59 Guard Tower
37:05 Scout Tower
37:13 Scout Tower
37:14 Scout Tower
37:16 Scout Tower
37:18 Scout Tower
37:51 Guard Tower
38:46 Guard Tower
42:34 Town Hall
45:21 Town Hall
» items
| Circlet of Nobility | 3 | |
| Scroll of Regeneration | 1 | |
| Lesser Clarity Potion | 1 | |
| Orb of Fire | 1 | |
6 total
PapaSmurf (
pink | 57 APM | 2946 actions | 51:17)
7 Blademaster
3 Wind Walk
3 Critical Strike
1 Bladestorm
» actions
| Assign group hotkey | 78 | |
| Basic commands | 442 | |
| Build / train | 84 | |
| Enter build submenu | 77 | |
| Enter hero's abilities submenu | 7 | |
| Give item / drop item | 7 | |
| Remove unit from queue | 1 | |
| Right click | 1319 | |
| Select / deselect | 450 | |
| Select group hotkey | 294 | |
| Use ability | 187 | |
2946 total
» units
| Peon | 32 | |
| Grunt | 4 | |
| Troll Batrider | 2 | |
| Wind Rider | 12 | |
50 total
» upgrades
| Reinforced Defenses | 1 | |
| Ranged Weapons | 3 | |
| Armor | 3 | |
| Liquid Fire | 1 | |
| Troll Regeneration | 1 | |
| Envenomed Spears | 1 | |
10 total
» buildings
| Orc Burrow | 10 | |
| Altar of Storms | 2 | |
| Barracks | 2 | |
| Voodoo Lounge | 1 | |
| War Mill | 2 | |
| Watch Tower | 56 | |
| Stronghold | 1 | |
| Great Hall | 2 | |
| Fortress | 1 | |
| Beastiary | 4 | |
81 total
» build order
00:11 Orc Burrow
00:42 Orc Burrow
01:11 Altar of Storms
01:13 Barracks
02:00 Voodoo Lounge
02:21 War Mill
03:44 Watch Tower
04:53 Watch Tower
04:58 Stronghold
06:01 Watch Tower
06:02 Watch Tower
06:06 Watch Tower
07:03 Great Hall
08:10 Watch Tower
08:15 Orc Burrow
08:17 Orc Burrow
08:41 Watch Tower
08:44 Watch Tower
10:43 Watch Tower
10:44 Watch Tower
10:44 Watch Tower
11:12 Fortress
11:52 Altar of Storms
13:17 Watch Tower
13:17 Watch Tower
13:19 Watch Tower
13:39 Watch Tower
13:56 Watch Tower
13:56 Watch Tower
13:56 Watch Tower
13:58 Watch Tower
14:06 Watch Tower
14:09 Watch Tower
14:42 Watch Tower
14:44 Watch Tower
15:03 Watch Tower
15:48 Beastiary
15:51 Beastiary
15:53 Beastiary
16:21 Barracks
17:35 Watch Tower
19:40 Watch Tower
19:40 Watch Tower
19:40 Watch Tower
19:42 Watch Tower
19:42 Watch Tower
19:43 Watch Tower
19:44 Watch Tower
19:44 Watch Tower
19:45 Watch Tower
19:50 Watch Tower
19:50 Watch Tower
20:39 Great Hall
21:48 Orc Burrow
21:50 Orc Burrow
22:10 War Mill
22:59 Beastiary
25:13 Watch Tower
25:13 Watch Tower
25:13 Watch Tower
25:15 Watch Tower
25:16 Watch Tower
25:16 Watch Tower
25:19 Watch Tower
25:20 Watch Tower
29:21 Watch Tower
29:21 Watch Tower
29:21 Watch Tower
29:22 Watch Tower
30:47 Watch Tower
30:47 Watch Tower
30:47 Watch Tower
30:48 Watch Tower
30:48 Watch Tower
37:50 Orc Burrow
37:52 Orc Burrow
37:53 Orc Burrow
37:54 Orc Burrow
» items
| Healing Salve | 2 | |
| Scroll of Town Portal | 3 | |
| Periapt of Vitality | 3 | |
| Lesser Clarity Potion | 1 | |
| Potion of Mana | 2 | |
| Potion of Healing | 1 | |
| Orb of Lightning | 1 | |
13 total
team 2 (loser)
getbent (
orange | 37 APM | 616 actions | 16:34)
4 Blademaster
2 Wind Walk
2 Critical Strike
3 Shadow Hunter
2 Healing Wave
1 Hex
2 Tauren Chieftain
1 Endurance Aura
1 War Stomp
1 Archmage
1 Blizzard
» actions
| Assign group hotkey | 11 | |
| Basic commands | 1 | |
| Build / train | 62 | |
| Enter build submenu | 14 | |
| Enter hero's abilities submenu | 10 | |
| Right click | 183 | |
| Select / deselect | 158 | |
| Select group hotkey | 142 | |
| Use ability | 35 | |
616 total
» units
| Peon | 13 | |
| Grunt | 4 | |
| Wind Rider | 7 | |
| Mortar Team | 1 | |
| Flying Machine | 6 | |
31 total
» upgrades
| Spiked Barricades | 1 | |
| Armor | 3 | |
| Ranged Weapons | 2 | |
| Envenomed Spears | 1 | |
| Flak Cannons | 1 | |
| Flying Machine Bombs | 1 | |
9 total
» buildings
| Orc Burrow | 5 | |
| Altar of Storms | 1 | |
| Barracks | 1 | |
| War Mill | 1 | |
| Voodoo Lounge | 1 | |
| Stronghold | 1 | |
| Great Hall | 2 | |
| Fortress | 1 | |
| Beastiary | 2 | |
| Town Hall | 1 | |
16 total
» build order
00:26 Orc Burrow
00:39 Altar of Storms
00:54 Barracks
01:11 War Mill
01:51 Orc Burrow
02:12 Voodoo Lounge
04:21 Stronghold
05:21 Great Hall
05:35 Orc Burrow
05:41 Orc Burrow
07:09 Fortress
07:16 Beastiary
07:34 Beastiary
12:03 Great Hall
12:12 Orc Burrow
14:44 Town Hall
» items
| Healing Salve | 3 | |
| Scroll of Speed | 2 | |
| Orb of Lightning | 2 | |
7 total
Jaycifer (
blue | 20 APM | 242 actions | 12:04)
1 Archmage
1 Summon Water Elemental
» actions
| Basic commands | 13 | |
| Build / train | 27 | |
| Enter build submenu | 20 | |
| Enter hero's abilities submenu | 1 | |
| Right click | 54 | |
| Select / deselect | 100 | |
| Use ability | 27 | |
242 total
» units
» upgrades
| Gunpowder | 2 | |
| Fragmentation Shards | 1 | |
| Flare | 1 | |
4 total
» buildings
| Altar of Kings | 1 | |
| Farm | 10 | |
| Keep | 1 | |
| Blacksmith | 1 | |
| Scout Tower | 1 | |
| Lumber Mill | 1 | |
| Arcane Tower | 1 | |
| Workshop | 4 | |
| Castle | 1 | |
21 total
» build order
00:34 Altar of Kings
00:43 Farm
01:31 Farm
02:15 Farm
02:26 Keep
02:39 Blacksmith
02:55 Farm
03:19 Scout Tower
03:37 Lumber Mill
03:48 Farm
03:51 Arcane Tower
04:59 Workshop
05:09 Workshop
05:15 Workshop
05:26 Workshop
06:12 Farm
06:55 Farm
07:16 Castle
08:27 Farm
09:26 Farm
10:38 Farm

»
Layandrot_ (
teal | 57 APM | 1077 actions | 19:02)
6 Blademaster
2 Wind Walk
3 Critical Strike
1 Bladestorm
» actions
| Build / train | 67 | |
| Enter build submenu | 20 | |
| Enter hero's abilities submenu | 6 | |
| Give item / drop item | 4 | |
| Remove unit from queue | 2 | |
| Right click | 624 | |
| Select / deselect | 271 | |
| Use ability | 83 | |
1077 total
» units
| Peon | 17 | |
| Wind Rider | 5 | |
| Troll Batrider | 5 | |
| Mortar Team | 2 | |
| Raider | 3 | |
32 total
» upgrades
| Ranged Weapons | 3 | |
| Envenomed Spears | 1 | |
| Reinforced Defenses | 1 | |
| Armor | 2 | |
| Liquid Fire | 1 | |
| Barrage | 1 | |
| Ensnare | 1 | |
| Melee Weapons | 2 | |
| Pillage | 1 | |
13 total
» buildings
| Altar of Storms | 1 | |
| Orc Burrow | 8 | |
| Voodoo Lounge | 1 | |
| War Mill | 1 | |
| Stronghold | 1 | |
| Watch Tower | 2 | |
| Beastiary | 3 | |
| Fortress | 1 | |
| Great Hall | 1 | |
| Tauren Totem | 3 | |
22 total
» build order
00:08 Altar of Storms
00:18 Orc Burrow
00:50 Voodoo Lounge
01:22 War Mill
02:24 Stronghold
02:39 Watch Tower
03:09 Orc Burrow
03:37 Orc Burrow
04:28 Watch Tower
04:46 Beastiary
04:49 Beastiary
04:52 Fortress
05:12 Orc Burrow
09:39 Orc Burrow
10:03 Great Hall
12:20 Orc Burrow
14:48 Beastiary
15:26 Orc Burrow
17:27 Tauren Totem
17:28 Tauren Totem
17:31 Tauren Totem
18:16 Orc Burrow
» items
| Healing Salve | 3 | |
| Lesser Clarity Potion | 2 | |
| Circlet of Nobility | 1 | |
| Scroll of Town Portal | 3 | |
| Orb of Lightning | 1 | |
| Boots of Speed | 1 | |
| Potion of Lesser Invulnerability | 1 | |
12 total
Whodunit. (
green | 84 APM | 4298 actions | 51:15)
7 Blademaster
3 Wind Walk
3 Critical Strike
1 Bladestorm
» actions
| Assign group hotkey | 62 | |
| Basic commands | 20 | |
| Build / train | 168 | |
| ESC pressed | 17 | |
| Enter build submenu | 90 | |
| Enter hero's abilities submenu | 7 | |
| Give item / drop item | 3 | |
| Right click | 2107 | |
| Select / deselect | 413 | |
| Select group hotkey | 963 | |
| Use ability | 448 | |
4298 total
» units
| Peon | 23 | |
| Grunt | 9 | |
| Troll Batrider | 5 | |
| Siege Engine | 4 | |
| Peasant | 5 | |
46 total
» upgrades
| Armor | 1 | |
| Berserker Strength | 1 | |
| Melee Weapons | 1 | |
| Pillage | 1 | |
| Spiked Barricades | 2 | |
| Reinforced Defenses | 1 | |
| Masonry | 3 | |
| Gunpowder | 3 | |
| Plating | 3 | |
16 total
» buildings
| Orc Burrow | 8 | |
| Altar of Storms | 1 | |
| Barracks | 1 | |
| War Mill | 3 | |
| Voodoo Lounge | 1 | |
| Stronghold | 2 | |
| Great Hall | 4 | |
| Watch Tower | 37 | |
| Fortress | 3 | |
| Beastiary | 2 | |
| Arcane Vault | 1 | |
| Scout Tower | 31 | |
| Guard Tower | 32 | |
| Farm | 1 | |
| Cannon Tower | 9 | |
| Lumber Mill | 1 | |
| Blacksmith | 1 | |
| Town Hall | 1 | |
| Arcane Tower | 6 | |
145 total
» build order
00:59 Orc Burrow
01:10 Orc Burrow
01:16 Altar of Storms
01:26 Barracks
01:36 War Mill
02:09 Orc Burrow
02:24 Voodoo Lounge
03:10 Orc Burrow
04:52 Stronghold
04:53 Stronghold
05:46 Great Hall
06:53 Watch Tower
06:55 Watch Tower
06:59 Watch Tower
07:00 Watch Tower
08:38 Watch Tower
09:24 Watch Tower
09:24 Watch Tower
09:29 Watch Tower
09:33 Watch Tower
09:37 Watch Tower
09:38 Watch Tower
09:41 Fortress
09:41 Fortress
11:17 Great Hall
11:23 Great Hall
11:34 Great Hall
11:39 Watch Tower
11:51 Watch Tower
11:55 Watch Tower
12:03 Watch Tower
14:19 Watch Tower
14:23 Watch Tower
14:34 Watch Tower
14:51 War Mill
14:58 War Mill
15:21 Beastiary
15:31 Watch Tower
16:07 Watch Tower
16:10 Watch Tower
16:30 Watch Tower
17:44 Orc Burrow
17:51 Watch Tower
18:09 Watch Tower
18:31 Watch Tower
19:00 Orc Burrow
19:05 Orc Burrow
19:08 Orc Burrow
19:34 Watch Tower
20:10 Watch Tower
20:11 Watch Tower
20:51 Watch Tower
21:14 Watch Tower
22:10 Watch Tower
22:17 Watch Tower
23:44 Beastiary
24:45 Watch Tower
24:46 Watch Tower
24:47 Watch Tower
25:03 Watch Tower
25:04 Watch Tower
25:24 Arcane Vault
25:30 Scout Tower
25:30 Scout Tower
25:30 Scout Tower
25:31 Scout Tower
25:32 Scout Tower
25:32 Scout Tower
25:33 Scout Tower
25:34 Scout Tower
25:34 Scout Tower
25:35 Scout Tower
25:35 Scout Tower
25:36 Scout Tower
25:37 Scout Tower
25:37 Scout Tower
25:38 Scout Tower
25:40 Scout Tower
25:41 Scout Tower
26:18 Guard Tower
26:18 Guard Tower
26:21 Guard Tower
26:21 Guard Tower
26:21 Guard Tower
26:24 Guard Tower
26:24 Guard Tower
26:24 Guard Tower
28:16 Guard Tower
28:16 Guard Tower
29:25 Scout Tower
29:26 Scout Tower
29:27 Scout Tower
29:28 Scout Tower
29:31 Scout Tower
29:33 Scout Tower
29:37 Scout Tower
29:47 Scout Tower
29:58 Guard Tower
29:58 Guard Tower
30:02 Farm
30:08 Guard Tower
30:09 Guard Tower
30:09 Guard Tower
30:09 Guard Tower
30:10 Guard Tower
30:10 Guard Tower
30:20 Guard Tower
30:21 Guard Tower
30:21 Guard Tower
30:22 Cannon Tower
30:22 Cannon Tower
30:23 Cannon Tower
30:39 Cannon Tower
30:39 Cannon Tower
30:43 Scout Tower
31:22 Cannon Tower
31:22 Cannon Tower
31:22 Cannon Tower
38:19 Lumber Mill
39:47 Blacksmith
40:00 Town Hall
44:42 Scout Tower
44:46 Scout Tower
44:52 Scout Tower
44:53 Scout Tower
45:17 Arcane Tower
45:17 Arcane Tower
45:20 Arcane Tower
45:20 Arcane Tower
45:21 Arcane Tower
45:29 Scout Tower
45:34 Guard Tower
45:34 Guard Tower
45:35 Guard Tower
46:00 Guard Tower
» items
| Healing Salve | 5 | |
| Lesser Clarity Potion | 3 | |
| Scroll of Town Portal | 8 | |
| Boots of Speed | 1 | |
| Orb of Lightning | 1 | |
| Scroll of Regeneration | 1 | |
| Dust of Appearance | 1 | |
20 total
Chat log
(01:36 / Allies) BrOhio: mk rifle to start here
(05:04 / Allies) PapaSmurf: damn you prup
(05:12 / Allies) BrOhio: ?
(05:20 / Allies) PapaSmurf: I was heading there before ghetting harssed
(05:23 / Allies) BrOhio: creep mid al asap
(06:30 / Allies) BrOhio: mid
(06:35 / Allies) Deafbeing: k
(06:54 / All) PapaSmurf: lucky queer
(06:56 / All) PapaSmurf: got my tome too
(07:02 / Allies) BrOhio: i got stun for him
(07:04 / Allies) BrOhio: get some dust
(07:21 / Allies) PapaSmurf: get near mana purple
(07:27 / Allies) PapaSmurf: keep bm stunend
(07:31 / Allies) BrOhio: KILL TEAL
(07:41 / Allies) PapaSmurf: stun
(07:52 / Allies) August_APC: you get it?
(07:55 / Allies) PapaSmurf: tela
(08:08 / Allies) BrOhio: yellow got
(09:23 / Allies) BrOhio: wood ne1?
(09:27 / Allies) BrOhio: i will double with gold
(09:38 / Allies) BrOhio: REPAIR NOW
(10:46 / Allies) Deafbeing: getting a tp
(11:07 / Allies) Deafbeing: wood ples
(12:04 / All) BrOhio: D
(13:36 / All) PapaSmurf: qyueer
(14:22 / Allies) Deafbeing: red u going to helkp
(15:08 / Allies) BrOhio: GET UNITS PINK WTF
(15:10 / Allies) BrOhio: NO MORE TOWERS
(15:10 / Allies) Deafbeing: gold ples
(15:18 / Allies) BrOhio: HE ONLY MADE TOWERS
(15:23 / Allies) BrOhio: GOD I KNOW HE WAS A QUEER
(15:31 / Allies) PapaSmurf: I need lumber
(15:35 / Allies) PapaSmurf: my shit has been getting killed faggot
(17:51 / Allies) BrOhio: come red
(17:52 / Allies) BrOhio: we need
(23:33 / Allies) PapaSmurf: lumber?
(24:12 / Allies) PapaSmurf: lumber
(25:57 / Allies) BrOhio: piece of shit
(26:01 / Allies) BrOhio: knew you were a fag pink
(27:14 / Allies) BrOhio: PINNK IS TKING
(27:19 / Allies) BrOhio: KILL HIM ALL NOW
(29:23 / Allies) Deafbeing: need wood
(31:06 / Allies) BrOhio: GET AA ALL
(31:09 / Allies) BrOhio: TO KILL FUCKING PINK
(31:27 / All) Whodunit.: hahaha looks like I win
(31:35 / All) Whodunit.: gg noobs :)
(31:36 / All) Whodunit.: haha
(32:46 / Allies) BrOhio: kill his expos now
(33:53 / Allies) Deafbeing: red
(34:35 / Allies) BrOhio: DIE BITCH
(35:02 / Allies) Deafbeing: red wtf
(35:51 / Allies) BrOhio: lol
(35:54 / Allies) BrOhio: die pink
(35:55 / Allies) BrOhio: faggot
(39:59 / Allies) BrOhio: heal
(40:55 / Allies) Deafbeing: why r you guys ion the center
(41:27 / Allies) BrOhio: take tank and kill pinks main
(41:31 / Allies) August_APC: lol
(41:34 / Allies) BrOhio: all meet up now
(41:37 / Allies) August_APC: give me your lumber yellow
(41:42 / Allies) BrOhio: at pink door step
(41:47 / Allies) Deafbeing: wtf r you guys doing running arounbd
(41:51 / Allies) August_APC: I'm not going to suicide to his towers
(42:11 / Allies) Deafbeing: get chopper rd
(42:36 / Allies) BrOhio: or just get rifles
(43:10 / Allies) BrOhio: TP IN K
(43:55 / Allies) BrOhio: DONT GIVE PINK BUFFS
(44:12 / Allies) Deafbeing: repair
(44:39 / Allies) Deafbeing: red
(44:43 / Allies) Deafbeing: tanks on sir
(44:46 / Allies) Deafbeing: wow
(44:49 / Allies) August_APC: they can't you dumb fuck
(44:53 / Allies) Deafbeing: lol
(44:55 / Allies) Deafbeing: ok
(44:58 / Allies) Deafbeing: hehe'
(45:09 / All) Whodunit.: lol
(45:10 / Allies) August_APC: tanks can only attack enemy air
(45:11 / All) Whodunit.: I win hahaha
(45:14 / All) Whodunit.: gg
(45:24 / Allies) Deafbeing: my god this is lame
(45:30 / Allies) August_APC: give me your fucking lumber and leave
(45:36 / Allies) Deafbeing: you leave
(45:42 / All) Whodunit.: gg!
(45:45 / Allies) August_APC: you suicide to towers
(45:46 / All) Whodunit.: you can leave now
(45:49 / All) Whodunit.: no need to drag it on
(46:22 / All) Whodunit.: gg
(46:24 / All) Whodunit.: haha
(46:28 / All) Whodunit.: looks like I got lucky
(46:31 / All) Whodunit.: free win :)
(46:33 / All) August_APC: you did
(46:37 / All) PapaSmurf: NOOB ALLIES
(46:42 / All) Whodunit.: haha you guys got owned by one ally
(46:43 / All) August_APC: pink
(46:49 / All) August_APC: i would wreck you 1v1
(46:50 / All) Whodunit.: haha noobs
(46:52 / All) PapaSmurf: OL
(46:53 / All) PapaSmurf: LOL
(46:54 / All) PapaSmurf: YU A NOOB
(46:54 / All) Whodunit.: haha you guys wanna 1v1 after?
(46:56 / All) Whodunit.: I can host haha
(46:57 / All) PapaSmurf: COST US THE GAME
(47:38 / All) August_APC: if yellow had the common sense to attack your air you know.. not in range of your 100 towers
(47:42 / All) Whodunit.: lol
(47:44 / All) Whodunit.: you lose noob
(47:45 / All) August_APC: then it would have just been a war of attrition
(47:57 / All) Whodunit.: you are nothing but a free win to me scrub
(48:02 / All) August_APC: lol
(48:05 / All) PapaSmurf: tell it to your livejournal pussy
(48:06 / All) August_APC: a free win?
(48:10 / All) Whodunit.: that's what you are
(48:11 / All) August_APC: you lost
(48:13 / All) Whodunit.: I won
(48:19 / All) August_APC: pink gave you chairty
(48:21 / All) Whodunit.: what are you gonna get?
(48:27 / All) Whodunit.: yeah, so?
(48:29 / All) August_APC: the satisfaction of knowing you lost
(48:32 / All) Whodunit.: the results of charity are real man, charity is good
(48:34 / All) PapaSmurf: NOOBS RUIN MY RECORD
(48:39 / All) Whodunit.: I don't think so hahaha
(48:45 / All) Whodunit.: Pink won it for me, he was on my team
(48:49 / All) Whodunit.: so we both won, it was a team effort
(48:53 / All) Whodunit.: you guys all lost, gg!!!!
(48:57 / All) August_APC: lol
(49:06 / All) Whodunit.: we beat you fair and square, square
(49:08 / All) August_APC: whatever helps you sleep at night
(49:14 / All) Whodunit.: hehehehe
(49:15 / All) Whodunit.: hahahaha
(49:50 / All) Whodunit.: your team lose
(49:53 / All) PapaSmurf: lets stats
(50:04 / All) Whodunit.: red 227-242
(50:15 / All) PapaSmurf: lay and rot LOL
(50:18 / All) Whodunit.: Yellow 76-86 solo 352-361 team
(50:20 / All) PapaSmurf: teal is 3-0
(50:25 / All) Whodunit.: lawl
(50:29 / All) PapaSmurf: teal was athe biggest try hard here
(50:30 / All) Whodunit.: blue 10-8
(50:35 / All) Whodunit.: orange 143-139
(50:41 / All) PapaSmurf: I say teal lose
(50:44 / All) Whodunit.: oh and purp 245-251
(50:49 / All) Whodunit.: My team has better records
(50:56 / All) Whodunit.: but my team all left early on
(51:00 / All) PapaSmurf: teal is 3-0
(51:03 / All) Whodunit.: your team was the one that tried harder
(51:05 / All) PapaSmurf: let's give him a lose
(51:08 / All) Whodunit.: and worked hard against a tker to get a win
(51:14 / All) Whodunit.: k